 Dungeon Crawl Stone Soup version 0.29-a0-2-g12fcac58f8 (webtiles) character file.

Game seed: 11588804566042789389

14 Pin the Skirmisher (level 2, 0/27 HPs)
             Began as a Hill Orc Fighter on Jan 27, 2022.
             Slain by an adder (1 damage)
             ... on level 2 of the Dungeon.
             The game lasted 00:01:12 (869 turns).

Pin the Skirmisher (Hill Orc Fighter)                Turns: 869, Time: 00:01:13

Health: 0/27       AC:  6    Str: 18    XL:     2   Next: 45%
Magic:  2/2        EV:  9    Int:  8    God:
Gold:   6          SH:  4    Dex: 10    Spells: 1/1 levels left

rFire   . . .      SeeInvis .   a - +0 war axe
rCold   . . .      Faith    .   c - +0 buckler
rNeg    . . .      Spirit   .   b - +0 scale mail
rPois   .          Reflect  .   (no helmet)
rElec   .          Harm     .   (no cloak)
rCorr   .          Rampage  .   (no gloves)
Will    .....                   (no boots)
Stlth   ..........              (no amulet)
HPRegen 0.09/turn               (no ring)
MPRegen 0.08/turn               (no ring)

@: no status effects
A: no striking features
a: no special abilities


You were on level 2 of the Dungeon.
You visited 1 branch of the dungeon, and saw 2 of its levels.

You collected 6 gold pieces.

Inventory:

Hand Weapons
 a - a +0 war axe (weapon)
Armour
 b - a +0 scale mail (worn)
 c - a +0 buckler (worn)
Jewellery
 e - a +4 ring of evasion
Potions
 d - a potion of might
 f - a potion of curing {unknown}
 g - a potion of invisibility {unknown}
 h - a potion of brilliance {unknown}
 i - a potion of cancellation {unknown}


   Skills:
 + Level 3.9 Fighting
 + Level 3.1 Axes
 + Level 3.5 Armour
 + Level 3.5 Shields


You had one spell level left.
You didn't know any spells.
Your spell library was empty.

Dungeon Overview and Level Annotations

Branches:
Dungeon (2/15)

Altars:


Message History

The adder bites you but does no damage.
You closely miss the adder.
The adder is lightly wounded.
You feel sick. The adder bites you.
You barely miss the adder.
The adder is lightly wounded.
You feel sick. The adder closely misses you. The adder barely misses you.
You closely miss the adder.
The adder is lightly wounded.
You feel sick. The adder bites you.
You are more poisoned.
The adder poisons you! You block the adder's attack.
You closely miss the adder.
The adder is lightly wounded.
You feel very sick. The adder bites you but does no damage.
The adder closely misses you.
You hit the adder.
The adder is severely wounded.
You feel sick. The adder bites you.
* * * LOW HITPOINT WARNING * * *
The adder closely misses you.
You barely miss the adder.
The adder is severely wounded.
You feel sick. The adder bites you but does no damage. The adder bites you.
* * * LOW HITPOINT WARNING * * *
You completely miss the adder.
The adder is severely wounded.
You feel sick. You block the adder's attack.
You completely miss the adder.
The adder is severely wounded.
* * * LOW HITPOINT WARNING * * *
You feel sick.
You are no longer poisoned.
The adder bites you.
* * * LOW HITPOINT WARNING * * *
The adder bites you but does no damage.
You hit the adder.
The adder is almost dead.
The adder bites you.
You die...

########
#......########
#..@S......
#.######.##
#.###.##
#.....#
#.###.<#
........#
.....##.# ##.#.
... # # #.##


You could see an adder.

Vanquished Creatures
  A ball python (D:1)
  A bat (D:1)
  2 giant cockroaches (D:1)
  A goblin (D:1)
  3 hobgoblins (D:1)
  A kobold (D:1)
  3 rats (D:1)
12 creatures vanquished.

Notes
Turn   | Place    | Note
-------+----------+-------------------------------------------
     0 | D:1      | Pin the Hill Orc Fighter began the quest for the Orb.
     0 | D:1      | Reached XP level 1. HP: 19/19 MP: 1/1
   144 | D:1      | Reached XP level 2. HP: 22/27 MP: 2/2
   868 | D:2      | HP: 1/27 [adder (1)]
   869 | D:2      | Slain by an adder

Illustrated notes

Levels and vault maps discovered:
D:1:      psy_arrival_radial02, layout_basic
D:2:      layout_loops_ring, hellmonk_ecumenical_altar_watching_god,
          chequers_serial_rivers_room_b, dk_noncrumbling_3

Skill      XL: |  1 |
---------------+----+-----
Axes           | 3 |  3.1
Fighting       | |  3.9
Armour         | |  3.5
Shields        | |  3.5

Action                   || total
-------------------------++-------
Melee: War axe           ||    50
Armor: Scale mail        ||    25
Dodge: Dodged            ||    29
Block: Buckler           ||    10

Table legend: (Time is in decaauts)
 A = Elapsed time spent in this place.
 B = Non-inter-level travel time spent in this place.
 C = Inter-level travel time spent in this place.
 D = Time resting spent in this place.
 E = Time spent auto-exploring this place.
 F = Levels seen in this place.
 G = Mean time per level.
                   A        B        C        D        E       F      G
               +--------+--------+--------+--------+--------+-----+--------+
         Total |    887 |    803 |     84 |      0 |    684 |   2 |  443.5 |
       Dungeon |    887 |    803 |     84 |      0 |    684 |   2 |  443.5 |
               +--------+--------+--------+--------+--------+-----+--------+

Top non-repeatable levels by time:
     D:1: 858 daAuts
     D:2: 29 daAuts
